[Event "Chess Festival Groningen 2023 | A"]
[Site "Groningen, Netherlands"]
[Date "2023.12.24"]
[Round "4.16"]
[White "Kollen, Zyon"]
[Black "Labruyere, Roger"]
[Result "1-0"]
[TimeControl "90min/40moves + 30min + 30sec/move"]
[WhiteElo "2318"]
[BlackElo "2208"]

1. e4 c5 2. Nf3 d6 3. d4 cxd4 4. Nxd4 Nf6 5. Nc3 a6 6. Be3 e5 7. Nb3 Be6 8. f3 h5 9. Qd2 Be7 10.
Be2 Nbd7 11. a4 Rc8 12. O-O O-O 13. Rfd1 Qc7 14. Rac1 Nb6 15. a5 Nc4 16. Bxc4 Qxc4 17. Nd5 Nxd5 18.
exd5 Bf5 19. Na1 Qb5 20. b3 Bd8 21. b4 Rc4 22. c3 Bf6 23. Nb3 Qa4 24. Qb2 Rfc8 25. Re1 e4 26. Bd4 exf3 27.
Bxf6 Rg4 28. Nd4 Bh7 29. Nxf3 gxf6 30. c4 Kg7 31. Nd2 Qd7 32. Rf1 Rg6 33. Ne4 Qe7 34. Ng3 Rg5 35. Rce1 Re5 36.
Nxh5+ Kf8 37. Rxe5 Qxe5 38. Qxe5 fxe5 39. Rc1 Bg6 40. Ng3 f5 41. c5 f4 42. Ne2 Bf7 43. cxd6 Rxc1+ 44. Nxc1 Bxd5 45.
Nd3 1-0

[Event "Chess Festival Groningen 2023 | A"]
[Site "Groningen, Netherlands"]
[Date "2023.12.24"]
[Round "4.17"]
[White "Kanyamarala, Trisha"]
[Black "Elgersma, Onno"]
[Result "1/2-1/2"]
[TimeControl "90min/40moves + 30min + 30sec/move"]
[WhiteElo "2184"]
[BlackElo "2310"]

1. d4 Nf6 2. c4 e6 3. Nf3 d5 4. Nc3 c5 5. cxd5 exd5 6. Bg5 Be6 7. Bxf6 Qxf6 8. e4 dxe4 9. Nxe4 Qf4 10.
Bb5+ Nc6 11. Qe2 Be7 12. O-O O-O 13. Nxc5 Bxc5 14. dxc5 Bd5 15. Bxc6 bxc6 16. Qd2 Qg4 17. h3 Qh5 18.
Nh2 Rad8 19. Qc3 Qg5 20. Qg3 Qd2 21. b3 Qb4 22. Rac1 a5 23. Rfe1 a4 24. bxa4 Qxa4 25. a3 h5 26.
Qg5 Qxa3 27. Qxh5 Rde8 28. Ng4 Qb4 29. Ne3 Be4 30. Qh4 Qb5 31. Nc4 Bd5 32. Nd6 Rxe1+ 33. Rxe1 Qa5 34. Re3 Be6 35.
Rg3 Ra8 36. Ne4 g6 37. Ng5 Qa1+ 38. Kh2 Bd5 39. Ne4 Kg7 40. Nd6 Qf6 41. Rg5 Be6 42. Qg3 Qd4 43. Rf5 Qb2 44. Rf3 Ra1 45.
Ne8+ Kf8 46. Nf6 Kg7 47. Qh4 Qe5+ 48. g3 Bf5 49. Qh7+ Kxf6 50. Qh8+ Ke6 51. Re3 Be4 52. Rxe4 Rh1+ 53.
Kxh1 Qxe4+ 54. Kh2 Kd5 55. Qf8 Qf3 56. Qd6+ Kc4 57. Kg1 Qe4 58. h4 Qb1+ 59. Kg2 Qe4+ 60. Kg1 Qb1+ 61. Kg2 Qe4+ 62.
Kg1 1/2-1/2

[Event "Chess Festival Groningen 2023 | A"]
[Site "Groningen, Netherlands"]
[Date "2023.12.24"]
[Round "4.18"]
[White "Van Batenburg, Mees"]
[Black "Slagboom, Leandro"]
[Result "0-1"]
[TimeControl "90min/40moves + 30min + 30sec/move"]
[WhiteElo "2109"]
[BlackElo "2304"]

1. e4 e6 2. d4 d5 3. Nc3 Bb4 4. e5 c5 5. a3 Bxc3+ 6. bxc3 Nc6 7. Qg4 g6 8. a4 Qa5 9. Bd2 Bd7 10.
h4 h6 11. Qf4 Nge7 12. dxc5 Qxc5 13. Ne2 O-O-O 14. Nd4 a6 15. Qe3 Qa5 16. f4 g5 17. g3 gxf4 18. gxf4 h5 19. Nb3 Qc7 20.
Nc5 d4 21. Qf2 Nxe5 22. Nxa6 Qc6 23. Bg2 Qxa6 24. fxe5 Bc6 25. Rh3 Nf5 26. Bf1 Qb6 27. a5 Qb2 28. Rc1 Rd5 29. c4 Rxe5+ 30. Kd1 Ne3+ 31. Bxe3 dxe3 32. Qe1 Rd8+ 33. Bd3 Rxd3+ 34. cxd3 e2+ 0-1

[Event "Chess Festival Groningen 2023 | A"]
[Site "Groningen, Netherlands"]
[Date "2023.12.24"]
[Round "4.19"]
[White "Keuning, Selwin"]
[Black "Smeets, Kobe"]
[Result "1-0"]
[TimeControl "90min/40moves + 30min + 30sec/move"]
[WhiteElo "2139"]
[BlackElo "2239"]

1. e4 c5 2. c3 Nf6 3. e5 Nd5 4. d4 cxd4 5. cxd4 e6 6. Nf3 d6 7. Bc4 Be7 8. O-O O-O 9. Qe2 dxe5 10. dxe5 Bd7 11. Rd1 Bc6 12. Bxd5 Bxd5 13. Nc3 Bxf3 14. Qxf3 Qc7 15. Bf4 Nc6 16.
Qg3 Rfd8 17. Ne4 Nd4 18. Qg4 Qc4 19. Bh6 Bf8 20. Bg5 h5 21. Qh4 Ne2+ 22. Kh1 Rd4 23. f3 Qc2 24. Rxd4 Nxd4 25.
Qxh5 Qxb2 26. Rc1 Ne2 27. Re1 Qxe5 28. Qh4 Bb4 29. Nf6+ gxf6 30. Bxf6 Qxf6 31. Qxf6 Bxe1 32. Qg5+ Kh8 33. Qe5+ Kg8 34. Qxe2 Bc3 35. Qe3 Rc8 36. h4 a5 37. Qg5+ Kh7 38. Qe7 Kg7 39. Qxb7 Rc4 40. g3 Bf6 41. Qb3 Rb4 42. Qa3 Bd8 43.
Kg2 Bb6 44. Kh3 Bd8 45. h5 Bb6 46. Qc3+ Bd4 47. Qc7 Rb5 48. h6+ Kg6 49. Qc2+ Kf6 50. g4 Be5 51. Qe4 Bb2 52. Qa8 Kg6 53. Qg8+ Kxh6 54. Qxf7 e5 55. Kh4 e4 56. Qe6+ 1-0

[Event "Chess Festival Groningen 2023 | A"]
[Site "Groningen, Netherlands"]
[Date "2023.12.24"]
[Round "4.20"]
[White "Van Foreest, Machteld"]
[Black "Van Der Leest, Bert"]
[Result "1-0"]
[TimeControl "90min/40moves + 30min + 30sec/move"]
[BlackFideId "1009460"]
[WhiteElo "2344"]
[BlackElo "2142"]

1. e4 c5 2. Nf3 d6 3. d4 cxd4 4. Nxd4 Nf6 5. Nc3 g6 6. Be3 Bg7 7. f3 a6 8. a4 b6 9. Bc4 Bb7 10. O-O Nbd7 11. Qe2 O-O 12.
Rad1 Qc7 13. Kh1 Ne5 14. Ba2 Rac8 15. Bc1 e6 16. Qf2 Rfd8 17. Qh4 Nfd7 18. Bxe6 Bf6 19. Bg5 Bxg5 20. Qxg5 fxe6 21. Nxe6 Nf7 22. Qe7 Qc4 23.
Nxd8 Rxd8 24. Rfe1 Qc8 25. Qh4 Re8 26. f4 Kg7 27. Rd3 Nf6 28. Rde3 Qg4 29. Qf2 Qc8 30. h3 Qc5 31. Qh4 b5 32.
axb5 axb5 33. e5 dxe5 34. fxe5 Rxe5 35. Rxe5 Nxe5 36. Qg5 Nfd7 37. Nd1 Qxc2 38. Ne3 Qe4 39. Qe7+ Kg8 40. Qe6+ Kg7 41.
Qe7+ Kg8 42. Qd8+ Kg7 43. Qg5 Nf7 44. Qxb5 Bc6 45. Qb3 Nde5 46. Rf1 Nd6 47. Qa3 Nec4 48. Qa7+ Bb7 49. Qb8 Nf5 50.
Qc7+ Kh6 51. Ng4+ Kg5 52. Qd8+ Ne7 53. Rf2 h5 54. Qh8 Ng8 55. Qxg8 hxg4 56. Qd8+ 1-0

[Event "Chess Festival Groningen 2023 | A"]
[Site "Groningen, Netherlands"]
[Date "2023.12.24"]
[Round "4.21"]
[White "Kanyamarala, Tarun"]
[Black "Krasenkowa, Elena"]
[Result "1-0"]
[TimeControl "90min/40moves + 30min + 30sec/move"]
[WhiteElo "2305"]
[BlackElo "2109"]

1. d4 d5 2. c4 c6 3. Nf3 Nf6 4. Nc3 e6 5. Qd3 dxc4 6. Qxc4 b5 7. Qd3 Bb7 8. e4 b4 9. Na4 Ba6 10.
Qc2 Bxf1 11. Kxf1 Be7 12. g3 O-O 13. Kg2 a5 14. Bf4 Ra7 15. Rac1 Nfd7 16. h4 Re8 17. Rhd1 Bf8 18. Qc4 h6 19.
Rd2 Qe7 20. Rdc2 f6 21. h5 Qf7 22. Rh1 Rb7 23. Qb3 Rb5 24. g4 g5 25. Bxb8 Nxb8 26. Re1 Kg7 27. Qd3 Rd8 28. Qe2 Qd7 29.
Rd1 e5 30. Kh3 c5 31. d5 b3 32. axb3 Rxb3 33. Nc3 Bd6 34. Nd2 Rb4 35. Nc4 a4 36. Ra1 Qb7 37. Rxa4 Rxa4 38. Nxa4 Qb3+ 39.
Nc3 Na6 40. Ne3 Nb4 41. Qb5 Bf8 42. Rd2 Kg8 43. Nc4 Rb8 44. Qxb8 Qxc4 45. Qb5 Qxb5 46. Nxb5 c4 47. d6 Nd3 48.
d7 Be7 49. Nd6 Nf4+ 50. Kh2 Ne6 51. Nxc4 Nd8 52. Nd6 Kf8 53. Nf5 Bb4 54. Rd5 Kf7 55. Nxh6+ Kf8 56. Nf5 Kf7 57. Rb5 Be7 58. h6 1-0

[Event "Chess Festival Groningen 2023 | A"]
[Site "Groningen, Netherlands"]
[Date "2023.12.24"]
[Round "4.22"]
[White "Nicolai, Amir"]
[Black "Jaiveer, Mahendru"]
[Result "1-0"]
[TimeControl "90min/40moves + 30min + 30sec/move"]
[BlackFideId "25611151"]
[WhiteElo "2156"]
[BlackElo "2294"]

1. d4 Nf6 2. c4 e6 3. g3 d5 4. Bg2 Bb4+ 5. Nd2 O-O 6. Ngf3 b6 7. O-O c6 8. Qc2 a5 9. e4 Ba6 10.
e5 Ne8 11. Rd1 Nd7 12. b3 Rc8 13. Nf1 Be7 14. Bf4 Nc7 15. h4 h6 16. h5 Qe8 17. Re1 c5 18. Ne3 cxd4 19. Nxd4 Bc5 20.
Qd1 dxc4 21. bxc4 Kh8 22. a3 Nb8 23. Qd2 Rd8 24. Nec2 Bxc4 25. Bxh6 Bd5 26. Be4 Rg8 27. Bg5 Rd7 28.
h6 g6 29. h7 Rg7 30. Bf6 Bf8 31. Bd3 Kxh7 32. f3 Kg8 33. Kg2 g5 34. Rh1 Nc6 35. Qxg5 Bxf3+ 36. Nxf3 Ne7 37. Bh7+ Kh8 38. Qh6 1-0

[Event "Chess Festival Groningen 2023 | A"]
[Site "Groningen, Netherlands"]
[Date "2023.12.24"]
[Round "4.23"]
[White "Van Helvoort, Rob"]
[Black "Besou, Hussain"]
[Result "1-0"]
[TimeControl "90min/40moves + 30min + 30sec/move"]
[WhiteElo "2098"]
[BlackElo "2280"]

1. e4 c5 2. Nf3 d6 3. Bb5+ Nd7 4. c3 Ngf6 5. Qe2 a6 6. Ba4 b5 7. Bc2 Bb7 8. d4 e5 9.
d5 g6 10. O-O Bg7 11. b3 O-O 12. a4 b4 13. a5 bxc3 14. Nxc3 Ne8 15. Bd3 h6 16. g3 Nc7 17. Bd2 Bc8 18.
Nh4 Nf6 19. Na4 Nb5 20. Bxb5 axb5 21. Nb6 Ra7 22. Nxc8 Qxc8 23. f3 Qa6 24. b4 Rc7 25. Rfc1 Rfc8 26. Qe3 Nd7 27. Rab1 cxb4 28. Rxc7 Rxc7 29.
Bxb4 Rc4 30. Ng2 Nc5 31. Ne1 Na4 32. Kg2 f5 33. Nd3 Rc2+ 34. Nf2 f4 35. Qd3 Rc4 36. Qb3 Rc8 37. Bd2 fxg3 38.
hxg3 Rb8 39. Rc1 Nc5 40. Qb4 Qb7 41. Be3 Bf8 42. Rh1 h5 43. g4 Qf7 44. Qd2 Be7 45. Bg5 Rf8 46. Rh3 Nb3 47.
Qe3 Nd4 48. Bxe7 Qxe7 49. gxh5 gxh5 50. Qh6 Ne2 51. Kf1 Qg7 52. Qxg7+ Kxg7 53. Kxe2 Ra8 54. Rxh5 b4 55. Rh1 Rxa5 56. Rb1 Ra2+ 57. Ke3 1-0

[Event "Chess Festival Groningen 2023 | A"]
[Site "Groningen, Netherlands"]
[Date "2023.12.24"]
[Round "4.24"]
[White "Mierins, Emils Janis"]
[Black "Kazarjan, Gachatur"]
[Result "0-1"]
[TimeControl "90min/40moves + 30min + 30sec/move"]
[WhiteElo "2258"]
[BlackElo "2078"]

1. d4 d5 2. c4 e6 3. Nf3 c5 4.
cxd5 exd5 5. g3 Nc6 6. Bg2 Nf6 7. dxc5 Bxc5 8. O-O Ne4 9. Nfd2 f5 10. Nb3 Bb6 11. Nc3 Be6 12. Na4 O-O 13. Nxb6 Qxb6 14. Be3 Qb4 15.
a3 Qe7 16. Nd4 Rfd8 17. Rc1 Rac8 18. Qa4 Nxd4 19. Bxd4 a6 20. Bb6 Rd6 21. Rxc8+ Bxc8 22. Qa5 Qe6 23. Be3 b6 24. Qa4 Rc6 25.
Rd1 Bb7 26. Qb3 Rd6 27. Rc1 b5 28. a4 Bc6 29. Bf4 Rd8 30. Qd3 h6 31. Bh3 g5 32. Bc7 Rc8 33. Ba5 bxa4 34. Qxa6 Bd7 35. Rxc8+ Bxc8 36. Qb5 Qd7 37. Qb8 Kf7 38. Bc7 Nc5 39.
Be5 Qc6 40. Bc3 Ne4 41. Bd4 Qc1+ 42. Kg2 Nd2 43. Qa7+ Ke8 44. Qxa4+ Bd7 45. Qa8+ Ke7 46. Bf6+ Kf7 47. Qxd5+ Be6 0-1

[Event "Chess Festival Groningen 2023 | A"]
[Site "Groningen, Netherlands"]
[Date "2023.12.24"]
[Round "4.25"]
[White "Boeren, Jurriaan"]
[Black "Toktomushev, Teimur"]
[Result "1/2-1/2"]
[TimeControl "90min/40moves + 30min + 30sec/move"]
[WhiteElo "2102"]
[BlackElo "2249"]

1. e4 c5 2. Nf3 e6 3. d4 cxd4 4. Nxd4 a6 5. c4 Nf6 6. Nc3 Qc7 7. a3 b6 8. f4 d6 9.
Bd3 Bb7 10. f5 Nc6 11. Be3 Nxd4 12.
Bxd4 Be7 13. O-O O-O 14. Qf3 Rae8 15. Qh3 Bd8 16. Rae1 h6 17. Qg3 e5 18. Be3 Nh5 19. Qg4 Nf4 20. Bb1 Qxc4 21. Ba2 Qc8 22.
Rd1 Qd7 23. Rxf4 exf4 24. Bd4 g5 25.
Qh5 Kh7 26. Rd3 g4 27. Qxg4 Rg8 28. Qxf4 Bg5 29. Qf3 Bc1 30. Nd5 Bxd5 31. Bxd5 Rc8 32. Bc3 Rxc3 33. bxc3 Bxa3 34. Qh5 Rg5 35. Qxf7+ Qxf7 36. Bxf7 Rg4 37. Rf3 Kg7 38. Bd5 Kf6 39. g3 Rg7 40. Kf2 b5 41.
h3 Rc7 42. Ke2 a5 43. h4 h5 44. Kd1 a4 45. Ba2 Bc5 46.
Bd5 a3 47. Bb3 Ra7 48. Ba2 Re7 49. Be6 Ra7 50. Ba2 Ra4 51. c4 bxc4 52. Rc3 Ke5 53. Rxc4 Rxc4 54. Bxc4 Kxe4 55. Kc2 Kxf5 56. Be2 Kg6 57. Bf3 Bf2 58.
g4 hxg4 59. Bxg4 Bd4 60. Kb3 Bb2 61. Bf3 Kf5 62. h5 Kf4 63. Bd5 Kg5 64. Bf3 Kf5 65.
Ka2 Bc1 66. Kb3 Ke5 67. Ka2 d5 68. Bxd5 Kxd5 69. h6 Bxh6 70.
Kxa3 1/2-1/2

[Event "Chess Festival Groningen 2023 | A"]
[Site "Groningen, Netherlands"]
[Date "2023.12.24"]
[Round "4.26"]
[White "Grooten, Herman"]
[Black "Ritzerveld, Noah"]
[Result "0-1"]
[TimeControl "90min/40moves + 30min + 30sec/move"]
[WhiteElo "2243"]
[BlackElo "1997"]

1. d4 d5 2. c4 c6 3. Nf3 Nf6 4. g3 g6 5.
Bg2 Bg7 6. O-O O-O 7. Nbd2 Ne4 8. e3 Bf5 9. Ne1 Nd7 10. cxd5 cxd5 11. g4 Nxd2 12. Bxd2 Be6 13. Nd3 Nf6 14.
f3 b6 15. Qb3 Bc8 16. Rfc1 Ba6 17. Ne5 Rc8 18. g5 Ne8 19. Nc6 Qd7 20. Qxd5 Nd6 21. Ne5 Qb7 22. f4 Qxd5 23. Bxd5 Bxe5 24.
fxe5 Nc4 25. Rc2 Nxe5 26. Rac1 Rxc2 27. Rxc2 Rd8 28. Bg2 Nc4 29. Bc1 Rd7 30. b3 Nd6 31. Kf2 Bd3 32. Rc6 Ne4+ 33.
Bxe4 Bxe4 34. Rc8+ Kg7 35. Bb2 Rd5 36. h4 h6 37. Rc7 e6 38. gxh6+ Kxh6 39. Rxa7 Rf5+ 40. Kg3 Rf3+ 41. Kg2 Kh5 42.
d5 exd5 43. Bd4 Kxh4 44. Kg1 Kh3 45. Ra8 Bd3 46. Rh8+ Kg3 47. Be5+ Kg4 48. Bd4 Rf1+ 49. Kg2 Rc1 50. Bxb6 Rc2+ 51.
Kg1 Kg3 0-1

[Event "Chess Festival Groningen 2023 | A"]
[Site "Groningen, Netherlands"]
[Date "2023.12.24"]
[Round "4.27"]
[White "Schuricht, Emil Frederick"]
[Black "Aashman, Gupta"]
[Result "0-1"]
[TimeControl "90min/40moves + 30min + 30sec/move"]
[BlackFideId "45022500"]
[WhiteElo "2095"]
[BlackElo "2235"]

1. d4 d5 2. c4 e6 3.
Nc3 c6 4. e3 Nf6 5. Nf3 Nbd7 6.
Qc2 Bd6 7. Bd3 dxc4 8. Bxc4 O-O 9. O-O e5 10. e4 exd4 11. Nxd4 Nb6 12. Be2 Bxh2+ 13. Kxh2 Qxd4 14. Bf4 Nfd5 15.
Bg3 Nxc3 16. bxc3 Qa4 17. Bd1 Qa5 18. f4 f5 19. Qb3+ Kh8 20. Bc2 fxe4 21. Bxe4 Qh5+ 22. Kg1 Bf5 23.
Bf3 Qg6 24. Bh2 Rae8 25. a4 Rf7 26. a5 Nd5 27. Bxd5 cxd5 28. Qxd5 Rd7 29. Qc5 Rd2 30. Rf2 b6 31. axb6 axb6 32. Qb4 Rxf2 33. Kxf2 Be4 34. Bg3 Bd3 35. Re1 Be4 36. Qd4 h6 37.
Re2 Kh7 38. c4 Re6 39. Kg1 Re8 40. Re3 Re6 41. Re2 h5 42. Bh4 Bb7 43. Qf2 Rd6 44. f5 Qg4 45. Bg3 Rd1+ 46. Kh2 h4 47.
Be5 h3 48. Qg3 hxg2 49. Qxg4 Rh1+ 50. Kg3 g1=Q+ 51. Kf4 Qc1+ 0-1

[Event "Chess Festival Groningen 2023 | A"]
[Site "Groningen, Netherlands"]
[Date "2023.12.24"]
[Round "4.28"]
[White "Francs, Marats"]
[Black "Jacobs, Florian"]
[Result "0-1"]
[TimeControl "90min/40moves + 30min + 30sec/move"]
[WhiteElo "1990"]
[BlackElo "2218"]

1. e4 e5 2. Nf3 Nc6 3. Bb5 a6 4. Ba4 Nf6 5. O-O Be7 6. d3 b5 7. Bb3 d6 8. c3 Na5 9. Bc2 c5 10. d4 Nd7 11. d5 Nb6 12. Nbd2 O-O 13. b4 Nb7 14. Qe2 a5 15. bxc5 Nxc5 16.
Nb3 Nca4 17. Bd2 Nc4 18. Bd3 Nab2 19. Bc1 Nxd3 20. Qxd3 Ba6 21. Nbd2 Nb6 22. Bb2 Qd7 23. Rac1 Rfc8 24.
Qe3 Na4 25. Ba1 Bd8 26. Rc2 Bb6 27. Qg5 h6 28. Qg3 f5 29. Qg6 Rf8 30. c4 Rf6 31. Qg3 Nc5 32. Rfc1 fxe4 33. cxb5 exf3 34.
Rxc5 Bxc5 35. Ne4 Rf4 36. Nxc5 dxc5 37. bxa6 Qxd5 38. Qh3 Rd8 39. gxf3 Rxf3 40. Qg2 Qd1+ 41. Qf1 Qxf1+ 42. Kxf1 Rf6 43.
Bxe5 Rxa6 44. Rxc5 Ra7 45. a4 Rd2 46.
Bc7 Ra2 47. Bxa5 Rxa4 48. Rc8+ Kh7 49. Bb6 Rf7 50. Be3 Rg4 51.
Rc5 Kg6 52. Ke2 Rh4 53. Rc1 Rxh2 54. Rg1+ Kh7 55. Rg4 Rh5 56. Kf1 Rhf5 57. Kg2 g5 58. Ra4 h5 59. Ra6 g4 60. Kg3 R7f6 61. Ra7+ Kg6 62. Ra8 Rf3+ 63. Kg2 Rf8 64. Ra6+ R3f6 65. Ra5 Rf5 66. Ra6+ R8f6 67. Ra8 Re6 68. Rg8+ Kh7 69. Ra8 h4 70. Ra7+ Kg6 71. Bd4 Rf7 72.
Ra8 Re4 73. Rg8+ Kf5 74. Be3 Rh7 75. Rf8+ Kg6 76. Rg8+ Kf7 77. Ra8 Rh5 78. Ra7+ Kg6 79. Ra6+ Kf5 80. Ra5+ Re5 81. Ra8 h3+ 82. Kh1 g3 83. Rf8+ Ke6 84.
fxg3 Kd5 85. Rd8+ Kc4 86. Bf2 Re2 87. Rf8 Rd5 88. Rf4+ Kb5 89. Bd4 Rd2 90. Bg1 Rg2 91. Bd4 Rxg3 92.
Kh2 Rd3 93. Bf6 Rc5 94. Bh4 Rc2+ 95. Rf2 Rxf2+ 96. Bxf2 Rd2 97. Kg1 Kc4 98. Be3 Rg2+ 99. Kh1 Kd3 100. Bb6 Ke4 101. Bc7 Kf3 102. Bb6 Rc2 103. Bd4 Kg4 104. Be5 Rc1+ 105. Kh2 Re1 106. Bd6 Re2+ 107. Kh1 Kf3 108.
Bc7 Re7 109. Bd6 Rd7 110. Be5 Rh7 111. Kh2 Kg4 112. Bd6 Rb7 113. Kh1 Rb1+ 114. Kh2 Rb2+ 115. Kh1 Rc2 116. Be5 h2 117. Bxh2 Kh3 118. Bg1 Kg3 119. Ba7 Rb2 120. Bc5 Rb5 121.
Bd6+ Kh3 122. Kg1 Rb2 123. Be5 Ra2 124.
Bd6 Kg4 125. Kf1 Kf3 126. Ke1 Re2+ 127. Kd1 Ke3 128. Kc1 Kd3 129.
Bf8 Rc2+ 130. Kb1 Kc3 131. Bg7+ Kb3 132. Bh6 Rh2 133. Bc1 Rh1 0-1

[Event "Chess Festival Groningen 2023 | A"]
[Site "Groningen, Netherlands"]
[Date "2023.12.24"]
[Round "4.29"]
[White "De Jong, Mathijs"]
[Black "Van Rootselaar, Rik"]
[Result "1/2-1/2"]
[TimeControl "90min/40moves + 30min + 30sec/move"]
[WhiteElo "2008"]
[BlackElo "2105"]

1. d4 Nf6 2. c4 Nc6 3. Nf3 e6 4. g3 Bb4+ 5. Bd2 Bxd2+ 6.
Nbxd2 O-O 7. Bg2 d6 8. e4 e5 9. d5 Ne7 10. c5 Nd7 11. cxd6 cxd6 12. O-O f5 13. exf5 Nf6 14. Nh4 Nxf5 15.
Nxf5 Bxf5 16. Qb3 Qd7 17. Nc4 Bh3 18. f3 Bxg2 19. Kxg2 Rac8 20. Rac1 b6 21. Nd2 Rxc1 22. Rxc1 Qf7 23.
Rc6 Rd8 24. Nc4 Qxd5 25. Rxd6 Rxd6 26. Nxd6 Qxb3 27. axb3 Nd7 28. b4 a6 29. Ne8 Kf7 30. Nc7 Nb8 31. Kf2 b5 32. Ke3 Ke7 33.
Ke4 Kd7 34. Nd5 Nc6 35. f4 exf4 36. gxf4 Kd6 37. h4 g6 38. Nf6 h6 39. Ng4 h5 40. Ne5 Ne7 41. Nf7+ Ke6 42. Ne5 Kd6 43.
Nf7+ Kd7 44. Ne5+ Ke6 45. Nxg6 Nc8 46. f5+ Kf6 47. Nf4 Nd6+ 48. Kd5 Kxf5 49. Nxh5 Nc4 50. Ng3 Kg6 51. b3 Ne3+ 52. Kc5 Nc2 53.
h5+ Kg5 54. h6 Kxh6 55. Nf5+ Kg5 56. Nd4 Na1 57. Kb6 Kf4 58. Kxa6 Ke3 59. Ne6 Nxb3 60. Kxb5 Nd2 61. Kc5 Ne4+ 62. Kc6 Nc3 63. Nc7 Kd4 64. Nb5+ Kc4 65. Nxc3 Kxb4 1/2-1/2

[Event "Chess Festival Groningen 2023 | A"]
[Site "Groningen, Netherlands"]
[Date "2023.12.24"]
[Round "4.30"]
[White "Boer, Alef"]
[Black "Spit, Vincent"]
[Result "1-0"]
[TimeControl "90min/40moves + 30min + 30sec/move"]
[WhiteElo "2017"]
[BlackElo "2076"]

1. e4 c5 2. Nf3 e6 3. d4 cxd4 4. Nxd4 Nc6 5. Be3 Nf6 6. Nxc6 bxc6 7. Nd2 d5 8. e5 Nd7 9. f4 Bc5 10.
Bxc5 Nxc5 11. b4 Nd7 12. Nb3 O-O 13. Qd4 f6 14. exf6 Qxf6 15. Qxf6 Rxf6 16. g3 e5 17. fxe5 Nxe5 18.
O-O-O Bg4 19. Rd2 Bf3 20. Bg2 Raf8 21. Bxf3 Rxf3 22. Re2 Nc4 23. Nd4 Ra3 24. Kb1 Ra6 25. Re6 Rf2 26. Rxc6 Na3+ 27.
Kb2 Rxc6 28. Nxc6 Rxc2+ 29. Kxa3 Rxc6 30. b5 Rb6 31. Kb4 Kf7 32. a4 Rh6 33. Rc1 Rxh2 34. Rc7+ Ke6 35. Rxg7 d4 36.
Kc4 Rd2 37. Rxh7 d3 38. Rxa7 Rg2 39. Kxd3 Rxg3+ 40. Kc4 Kd6 41. Kb4 Rg4+ 42. Ka5 Rc4 43. Kb6 Rc8 44. a5 Rb8+ 45. Rb7 Kd5 1-0

[Event "Chess Festival Groningen 2023 | A"]
[Site "Groningen, Netherlands"]
[Date "2023.12.24"]
[Round "4.31"]
[White "Vijayakumar, Rishi"]
[Black "Bakija, Alan"]
[Result "1/2-1/2"]
[TimeControl "90min/40moves + 30min + 30sec/move"]
[WhiteElo "2104"]
[BlackElo "2010"]

1. d4 d5 2. c4 c6 3. cxd5 cxd5 4. Bg5 f6 5. Bd2 e5 6.
dxe5 Bc5 7. Qc2 Bb6 8. Nf3 Nc6 9. e4 Be6 10. Nc3 d4 11. Nb5 Nxe5 12. Nxe5 fxe5 13. Bb4 Ba5 14. Qa4 Bxb4+ 15. Qxb4 Qe7 16. Nd6+ Kf8 17. Qxb7 Qxb7 18. Nxb7 Rb8 19. Nc5 Ke7 20. Nxe6 Kxe6 21. Bc4+ Kd6 22. Bxg8 Rhxg8 23. b3 Rgc8 24. Kd2 a5 25. Rhc1 Rxc1 26. Rxc1 a4 27. Kc2 g5 28. bxa4 Rb4 29. a3 Rxa4 30. Kb3 Ra8 31. a4 g4 32. Rc2 h5 33. Kb4 Rb8+ 34. Ka3 Ra8 35. Rb2 Kc5 36. Rc2+ Kd6 37. h3 gxh3 38. gxh3 h4 39. Rb2 Kc5 40. Rc2+ Kb6 41. Kb4 Rd8 42. a5+ Ka6 43. Rd2 Rc8 44. f4 exf4 45. Rxd4 Rf8 46. Rd6+ Ka7 47. Rd1 Re8 48. Re1 f3 49. Kc5 f2 50. Rf1 Rxe4 51. Rxf2 Re3 52. Rh2 Ka6 53. Kd4 Rg3 54. Kc5 Rc3+ 55. Kd4 Rg3 56. Kc5 Rc3+ 57. Kb4 Rf3 58. Rg2 Rxh3 59. Rg6+ Ka7 60. Rh6 Rh1 61. Kb5 Rb1+ 62. Ka4 Ra1+ 63. Kb4 Rb1+ 64. Kc3 Rh1 65. Kd2 h3 66. Ke2 h2 67. Kf2 Ra1 68. Rh7+ Ka6 69. Rh6+ Ka7 70. Rxh2 Ra2+ 1/2-1/2

[Event "Chess Festival Groningen 2023 | A"]
[Site "Groningen, Netherlands"]
[Date "2023.12.24"]
[Round "4.32"]
[White "Arnold, Rhys"]
[Black "Mohtaat, Homayoun"]
[Result "1-0"]
[TimeControl "90min/40moves + 30min + 30sec/move"]
[BlackFideId "11701552"]
[WhiteElo "2053"]
[BlackElo "2013"]

1. e4 c5 2. Nf3 Nc6 3. d4 cxd4 4. Nxd4 d6 5. c4 Nf6 6. Nc3 g6 7. Be2 Bg7 8. Be3 a6 9.
O-O O-O 10. Rc1 h5 11. h3 Bd7 12. Qd2 Rc8 13. f4 Nxd4 14. Bxd4
Bc6 15. Qe3 Kh7 16. Rcd1 Bh6 17. b4 b5 18. cxb5 axb5 19. Bxb5
Bxb5 20. Nxb5 Nd7 21. Qb3 f6 22. a4 Rc6 23. f5 Qe8 24. Nc3
gxf5 25. exf5 Ne5 26. b5 Rc8 27. Bxe5 Be3+ 28. Kh1 dxe5 29.
Nd5 Bd4 30. Rfe1 Qf7 31. Rxd4 Rfd8 32. Rdd1 Rd6 33. b6 1-0

[Event "Chess Festival Groningen 2023 | A"]
[Site "Groningen, Netherlands"]
[Date "2023.12.24"]
[Round "4.33"]
[White "Goudriaan, Rafael"]
[Black "Groenewoud, Joel"]
[Result "1-0"]
[TimeControl "90min/40moves + 30min + 30sec/move"]
[WhiteElo "2039"]
[BlackElo "1997"]

1. e4 c6 2. Nf3 d5 3. Nc3 dxe4 4. Nxe4 Nf6 5. Qe2 Nxe4 6. Qxe4 Be6 7. b3 Nd7 8. Qf4 Nf6 9. Bb2 g6 10. Ng5 Bf5 11. Bc4 e6 12. g4 Nxg4 13. Bxh8 Bd6 14. Qd4 c5 15. Bb5+ Ke7 16. Qg7 Bf4 17. Qxf7+ Kd6 18. Ne4+ 1-0

[Event "Chess Festival Groningen 2023 | A"]
[Site "Groningen, Netherlands"]
[Date "2023.12.26"]
[Round "5.1"]
[White "Kazakouski, Valery"]
[Black "Stremavicius, Titas"]
[Result "1-0"]
[TimeControl "90min/40moves + 30min + 30sec/move"]
[WhiteElo "2586"]
[BlackElo "2550"]

1. e4 c6 2. Nf3 d5 3. Nc3 dxe4 4. Nxe4 Nf6 5. Nxf6+ exf6 6. Bc4 Bd6 7. Qe2+ Qe7 8. O-O Qxe2 9.
Bxe2 O-O 10. d4 Re8 11. Bd3 Be6 12. Nd2 Bc7 13. Ne4 Nd7 14. Bd2 Rad8 15. Rfe1 Nf8 16. c3 Bc8 17. Rad1 Ne6 18.
Bc4 h6 19. Ng3 Nf4 20. Ne2 Nd5 21. Bd3 Be6 22. c4 Ne7 23. Bc3 Rd7 24. b3 Red8 25. a4 Nf5 26. Rd2 Nh4 27. Red1 Bf5 28.
Kf1 a6 29. a5 h5 30. Ng3 Bxg3 31. hxg3 Bxd3+ 32. Rxd3 Nf5 33. R1d2 Kh7 34. Ke2 Re8+ 35. Kd1 Nd6 36. Re2 Re6 37.
d5 cxd5 38. Rxd5 Nb5 39. Bb4 Rde7 40. Rxe6 1-0

[Event "Chess Festival Groningen 2023 | A"]
[Site "Groningen, Netherlands"]
[Date "2023.12.26"]
[Round "5.2"]
[White "Romanov, Evgeny"]
[Black "Kobo, Ori"]
[Result "1-0"]
[TimeControl "90min/40moves + 30min + 30sec/move"]
[WhiteElo "2561"]
[BlackElo "2541"]

1. e4 e5 2. Nf3 Nc6 3. Bb5 a6 4. Ba4 Nf6 5. O-O d6 6. Re1 Bd7 7. c4 Bg4 8. h3 Bxf3 9. Qxf3 Nd7 10.
Nc3 Nd4 11. Qd1 Be7 12. Bxd7+ Qxd7 13. d3 c6 14. Be3 Ne6 15. b4 O-O 16. Qg4 Kh8 17. d4 f5 18. exf5 Nxd4 19. Bxd4 exd4 20.
Qxd4 Bf6 21. Qd3 Bxc3 22. Qxc3 Qxf5 23. Qg3 Qf6 24. Rad1 Rad8 25. Rd3 Rd7 26. Rf3 Qd8 27. Rxf8+ Qxf8 28. Re6 Rd8 29. Qe3 d5 30.
c5 d4 31. Qe5 d3 32. Rd6 Re8 33. Qd4 Re1+ 34. Kh2 Re8 35. a3 Kg8 36. Rd7 h6 37. Rxb7 Kh8 38. Rd7 1-0

[Event "Chess Festival Groningen 2023 | A"]
[Site "Groningen, Netherlands"]
[Date "2023.12.26"]
[Round "5.3"]
[White "Tiviakov, Sergei"]
[Black "De Winter, Arthur"]
[Result "1-0"]
[TimeControl "90min/40moves + 30min + 30sec/move"]
[WhiteElo "2536"]
[BlackElo "2405"]

1. e4 e5 2. Nf3 Nc6 3. Bb5 a6 4. Ba4 Nf6 5. d3 d6 6. c3 g6 7. O-O Bg7 8. Re1 O-O 9. Bg5 h6 10.
Bh4 Bd7 11. Nbd2 Qe8 12. Nf1 Nh5 13. Ne3 Nf4 14. Bb3 Kh8 15. d4 f6 16. Bg3 Nh5 17. Nd5 Rc8 18. Nh4 Kh7 19. f4 exf4 20.
Nxf4 Nxf4 21. Bxf4 Ne7 22. Bg3 Qd8 23. Qf3 b5 24. Bc2 f5 25. exf5 Nxf5 26. Nxf5 Bxf5 27. Bxf5 Rxf5 28. Qc6 a5 29.
Re6 b4 30. Rae1 Qf8 31. h4 Rf6 32. Qd7 Qd8 33. Re7 Qxd7 34. Rxd7 Kg8 35. Ree7 Bf8 36. Rxc7 Rb8 37. Rb7 Rc8 38.
Rec7 Rxc7 39. Rxc7 Rf5 40. Rc6 Rd5 41. Kf2 Kf7 42. Ke3 bxc3 43. bxc3 Rb5 44. Bxd6 Bxd6 45. Rxd6 Rb2 46. h5 gxh5 47.
Rxh6 Rxg2 48. Rxh5 Rxa2 49. Kd3 Ke6 50. Kc4 Kd6 51. Rh6+ Kd7 52. Kc5 a4 53. Ra6 Kc7 54. Kb4 1-0